 Seeded DCSS version 0.30.2 (webtiles) character file.

Game seed: 920673320228942481 (custom seed)

3 CarvArkoylaein the Shield-Bearer (level 1, 22/22 HPs)
             Began as a Troll Fighter on Oct 19, 2023.
             Quit the game on level 1 of the Dungeon on Feb 27, 2024.
             The game lasted 00:03:07 (112 turns).

CarvArkoylaein the Shield-Bearer (Troll Fighter)     Turns: 112, Time: 00:03:07

Health: 22/22      AC:  4    Str: 23    XL:     1   Next: 41%
Magic:  0/0        EV:  8    Int:  4    God:
Gold:   0          SH:  7    Dex:  9    Spells: 0/0 levels left

rFire   . .          .
                       - Unarmed
rCold   . . .        b - +0 kite shield
rNeg    . . .        a - +0 robe
rPois   .            (helmet restricted)
rElec   .            (no cloak)
rCorr   .            (gloves unavailable)
SInv    .            (boots unavailable)
Will    .....        (no amulet)
Stlth   +            (no ring)
HPRegen 1.03/turn    (no ring)
MPRegen 0.07/turn

%: no passive effects
@: no status effects
A: large, unfitting armour, claws 3, regeneration 1, shaggy fur 1, tough skin 1
a: no special abilities


You were on level 1 of the Dungeon.
You visited 1 branch of the dungeon, and saw 1 of its levels.

Inventory:

Armour
 a - a +0 robe (worn)
 b - a +0 kite shield (worn)
Potions
 c - a potion of might


   Skills:
 + Level 2.4 Fighting
 + Level 2.4 Dodging
 + Level 2.7 Shields
 + Level 2.0 Unarmed Combat


You couldn't memorise any spells.
You didn't know any spells.
Your spell library was empty.

Dungeon Overview and Level Annotations

Branches:
Dungeon (1/15)

Altars:


Innate Abilities, Weirdness & Mutations

You are too large for most types of armour.
You have claws for hands.
Your natural rate of healing is unusually fast.
You are covered in fur. (AC +1)
You have tough skin. (AC +1)


Message History

Welcome, CarvArkoylaein the Troll Fighter.
Game seed: 920673320228942481 (custom seed) Press ? for a list of commands and other information.
Found a staircase leading out of the dungeon.
A dart slug comes into view.
The dart slug bites you.
You claw the dart slug!
The dart slug is severely wounded.
The dart slug bites you.
You scratch the dart slug.
You kill the dart slug!
HP restored.
Found 4 gold pieces.
Welcome back, CarvArkoylaein the Troll Fighter.
Game seed: 920673320228942481 (custom seed) Press ? for a list of commands and other information.
Welcome back, CarvArkoylaein the Troll Fighter.
Game seed: 920673320228942481 (custom seed) Press ? for a list of commands and other information.
You open the door.
There is an open door here.
A ball python comes into view.
The ball python hisses angrily.
The ball python bites you but does no damage.
You claw the ball python!
You kill the ball python!
Found a stone staircase leading down.
As you open the door, it creaks loudly!
Found 13 gold pieces.
Found 3 scrolls labelled NOEDYA EDEF.
There is an open door here.
Found a hand axe.
d - 3 scrolls labelled NOEDYA EDEF This is a scroll of acquirement!
Something appears at your feet! Something appears at your feet!
You see here a manual of Earth Magic.
Something appears at your feet!
Char dumped successfully.
Are you sure you want to abandon this character and quit the game? (Confirm with "yes".)

##### .... #... ..#.
#... ....## #.. #....
... ...###.# #...#.#
##+#$#.#@#####.#
#######
#....#.........)
......#
#.....#.######.#
...##.#.#...#....#
....#.#.##'#####..#
......#.##.######..#
....###.##........>#
###.###..............
#.#.....############


There were no monsters in sight!

Vanquished Creatures
  A dart slug (D:1)
  A ball python (D:1)
2 creatures vanquished.

Notes
Turn   | Place    | Note
-------+----------+-------------------------------------------
     0 | D:1      | CarvArkoylaein the Troll Fighter began the quest for the
                  | Orb.
     0 | D:1      | Reached XP level 1. HP: 22/22 MP: 0/0
    29 | D:1      | Upgraded the game from 0.30.1-9-gdf580d7c3d to 0.30.2
   109 | D:1      | Identified 3 scrolls of acquirement
   109 | D:1      | Acquired 883 gold pieces
   110 | D:1      | Acquired the +0 mask of the Dragon {Will+ Slay+3 SInv}
   110 | D:1      | Found the +0 mask of the Dragon {Will+ Slay+3 SInv}
   111 | D:1      | Acquired a manual of Earth Magic
   112 | D:1      | Quit the game

Illustrated notes

Levels and vault maps discovered:
D:1:      dpeg_arrival_orchard, layout_basic

Action                     || total
---------------------------++-------
  Melee: Unarmed           ||     3
    Use: Scroll            ||     3
 Armour: Robe              ||     1
